 Dungeon Crawl Stone Soup version 0.29-a0-923-g6e406bff71 (webtiles) character file.

Game seed: 14952290584911605007

1394 2tc the Cleaver (level 8, -2/57 HPs)
             Began as a Demonspawn Gladiator on July 28, 2022.
             Was an Initiate of Kikubaaqudgha.
             Slain by a wyvern (15 damage)
             ... on level 7 of the Dungeon.
             The game lasted 00:17:12 (6931 turns).

2tc the Cleaver (Demonspawn Gladiator)              Turns: 6931, Time: 00:17:13

Health: -2/57      AC:  7    Str: 22    XL:     8   Next: 41%
Magic:  8/8        EV: 12    Int: 10    God:    Kikubaaqudgha [......]
Gold:   417        SH:  0    Dex: 15    Spells: 7/7 levels left

rFire   + . .      SeeInvis .   r - +2 hand axe (freeze)
rCold   . . .      Faith    .   (no shield)
rNeg    . . .      Spirit   .   b - +0 leather armour
rPois   .          Reflect  .   c - +1 helmet
rElec   .          Harm     .   (no cloak)
rCorr   .          Rampage  .   i - +0 pair of gloves
Will    .....                   (no boots)
Stlth   +.........              (no amulet)
HPRegen 0.19/turn               k - ring of protection from fire
MPRegen 0.11/turn               o - +6 ring of strength

@: lethally poisoned (-2 -> -7), about to teleport
A: rugged brown scales 1, demonic guardian 1, powered by pain 2
a: Renounce Religion


You were on level 7 of the Dungeon.
You worshipped Kikubaaqudgha.
Kikubaaqudgha was noncommittal.
You visited 2 branches of the dungeon, and saw 8 of its levels.

You collected 417 gold pieces.

Inventory:

Hand Weapons
 a - a +1 war axe
 h - a +2 whip of flaming
 p - a +4 mace
 r - a +2 hand axe of freezing (weapon)
Missiles
 d - 4 throwing nets (quivered)
 e - a javelin
 j - 9 poisoned darts
Armour
 b - a +0 leather armour (worn)
 c - a +1 helmet (worn)
 i - a +0 pair of gloves (worn)
Jewellery
 f - a ring of wizardry
 k - a ring of protection from fire (left hand)
 o - a +6 ring of strength (right hand)
 q - a ring of resist corrosion
Wands
 u - a wand of flame (9)
Scrolls
 l - 3 scrolls of amnesia
 n - a scroll of poison
 t - a scroll of blinking
Potions
 g - 2 potions of brilliance
 s - a potion of might {unknown}


   Skills:
 - Level 2.0 Fighting
 * Level 10.0 Axes
 - Level 1.7 Throwing
 - Level 2.6 Dodging


You had 7 spell levels left.
You didn't know any spells.
Your spell library contained the following spells:

 Spells                   Type           Power      Damage    Failure   Level
 Slow                     Hex            0%         N/A       41%         1
 Confusing Touch          Hex            0%         N/A       78%         3
 Conjure Flame            Conj/Fire      0%         6-21      78%         3
 Ignite Poison            Fire/Tmut/Pois 0%         N/A       78%         3
 Lesser Beckoning         Tloc           0%         N/A       78%         3
 Teleport Other           Tloc           0%         N/A       78%         3
 Tukima's Dance           Hex            0%         N/A       78%         3
 Vampiric Draining        Necr           0%         2d6       78%         3
 Leda's Liquefaction      Hex/Erth       0%         N/A       99%         4
 Passage of Golubria      Tloc           0%         N/A       99%         4
 Sticky Flame             Conj/Fire      0%         2d3       99%         4
 Yara's Violent Unravell  Hex/Tmut       0%         3d3       100%        5
 Statue Form              Tmut/Erth      0%         N/A       100%        6


Dungeon Overview and Level Annotations

Branches:
Dungeon (7/15)             Temple (1/1) D:7

Altars:
Ashenzari
Cheibriados
Dithmenos
Fedhas
Hepliaklqana
Kikubaaqudgha
Nemelex Xobeh
Okawaru
Qazlal
Ru
Sif Muna
Trog
Uskayaw
Vehumet
Wu Jian
Xom
Yredelemnul


Innate Abilities, Weirdness & Mutations

You are partially covered in rugged brown scales. (AC +1, +3% HP)
A weak demonic guardian rushes to your aid.
You sometimes gain power by taking damage.


Message History

Kikubaaqudgha welcomes you!
(D) Dungeon (T) Temple
Where to? (Enter - D:7, ? - help)
What level of the Dungeon? (default 7, ? - help)
There is a staircase back to the Dungeon here.
You climb upwards.
Welcome back to the Dungeon!
The wyvern bites you.
A demonic guardian appears!
The orc priest looks satisfied for a moment.
The wyvern misses you.
The orc wizard mumbles some strange words.
The orc wizard flickers and vanishes!
Deactivating autopickup; reactivate with Ctrl-A.
The orc priest invokes the aid of Beogh against you.
Beogh smites you!
There is a staircase to the Ecumenical Temple here.
Okay, then.
As you read the scroll of teleportation, it crumbles to dust.
You feel strangely unstable. The wyvern bites you!
The orc priest closely misses you. The orc hits you but does no damage.
You are poisoned.
The orc wizard hits you with a +0 dagger.
You swap places.
The orc wizard attacks as you move away!
The orc wizard hits you but does no damage.
You feel very sick.
The wyvern bites you but does no damage.
Your ufetubus closely misses the wyvern.
Your ufetubus hits the wyvern. The wyvern closely misses you.
The orc wizard hits your ufetubus but does no damage.
The orc priest calls down the wrath of Beogh upon you.
Beogh smites you!
* * * LOW HITPOINT WARNING * * *
Your ufetubus barely misses the wyvern.
Your ufetubus hits the wyvern.
The orc priest attacks as you move away!
The orc priest barely misses you.
You feel sick.
Your ufetubus hits the wyvern.
Your ufetubus hits the wyvern but does no damage.
The orc priest closely misses your ufetubus.
The wyvern attacks as you move away! The wyvern bites you!
You die...
Kikubaaqudgha rasps: "You have failed me!
Welcome... death!"

.^.^^.≈.....# ...#....
.###^..^≈#≈.######........
^ #≈(§§#≈§..[............
.≈≈.^##.≈###............
^^^..≈≈§^.......#.#o....
..(..>######...#.#.#..
...... #..#.#o#.# .
#...#l5.# #..#@#.#.#
#...#.#.#.. #....#.#.....
#.... ........ ####
####... ...


You could see a wyvern (ally target), an orc priest, an orc and a friendly
ufetubus (summoned).

Vanquished Creatures
  Sigmund (D:3)
  2 water moccasins
  An ice beast (D:6)
  2 ogres (D:6)
  A phantom (D:6)
  A kobold brigand (D:6)
  A scorpion (D:5)
  A hound (D:5)
  A jelly (D:5)
  2 gnoll boudas
  An iguana (D:5)
  An orc wizard (D:6)
  8 gnolls
  8 adders
  2 shadow imps (D:6)
  A white imp (D:5)
  3 worms (D:2)
  4 orcs
  3 ball pythons
  2 endoplasms (D:3)
  4 giant cockroaches
  8 goblins
  12 hobgoblins
  4 jackals (D:1)
  4 quokkas
  10 bats
  5 frilled lizards
  6 kobolds
  A rat (D:1)
100 creatures vanquished.

Vanquished Creatures (collateral kills)
  A scorpion (D:5)
  4 gnolls
  An adder (D:2)
  A white imp (D:6)
  An endoplasm (D:2)
  A giant cockroach (D:2)
  A hobgoblin (D:1)
  2 kobolds
12 creatures vanquished.

Grand Total: 112 creatures vanquished

Notes
Turn   | Place    | Note
-------+----------+-------------------------------------------
     0 | D:1      | 2tc the Demonspawn Gladiator began the quest for the Orb.
     0 | D:1      | Reached XP level 1. HP: 16/16 MP: 1/1
    19 | D:1      | Reached skill level 3 in Axes
    46 | D:1      | Gained mutation: A weak demonic guardian rushes to your
                  | aid. [demonic ancestry]
    46 | D:1      | Reached XP level 2. HP: 14/22 MP: 2/2
    53 | D:1      | Got the Opusculum on Distorted Clay
   597 | D:1      | Found a faded altar of an unknown god.
  1050 | D:2      | Reached XP level 3. HP: 27/27 MP: 3/3
  1096 | D:2      | Reached skill level 4 in Axes
  1518 | D:2      | Reached XP level 4. HP: 33/33 MP: 4/4
  2200 | D:3      | Noticed Sigmund
  2217 | D:3      | Killed Sigmund
  2218 | D:3      | Reached skill level 6 in Axes
  2218 | D:3      | Gained mutation: You sometimes gain a little power by
                  | taking damage. [demonic ancestry]
  2218 | D:3      | Reached XP level 5. HP: 27/38 MP: 5/5
  2404 | D:3      | Found a shimmering altar of Xom.
  2502 | D:3      | Found a broken altar of Ashenzari.
  3207 | D:4      | Gained mutation: You are partially covered in rugged brown
                  | scales. (AC +1, +3% HP) [demonic ancestry]
  3207 | D:4      | Reached XP level 6. HP: 16/45 MP: 6/6
  3210 | D:4      | HP: 1/45 [gnoll/+0 spear (5)]
  4114 | D:5      | Entered Level 5 of the Dungeon
  4258 | D:5      | Reached skill level 7 in Axes
  4258 | D:5      | HP: 3/67 [poisoned by a scorpion]
  4647 | D:5      | Noticed a water moccasin
  4660 | D:5      | Killed a water moccasin
  4661 | D:5      | Reached XP level 7. HP: 51/51 MP: 7/7
  4781 | D:5      | Reached skill level 8 in Axes
  5302 | D:6      | Found a hazy altar of Hepliaklqana.
  5798 | D:6      | Reached skill level 9 in Axes
  5798 | D:6      | Gained mutation: You sometimes gain power by taking damage.
                  | [demonic ancestry]
  5798 | D:6      | Reached XP level 8. HP: 42/57 MP: 8/8
  6477 | D:7      | Reached skill level 10 in Axes
  6759 | D:7      | Found a sacrificial altar of Ru.
  6759 | D:7      | Found a shimmering blue altar of Sif Muna.
  6803 | D:7      | Found a stormy altar of Qazlal.
  6817 | D:7      | Found a staircase to the Ecumenical Temple.
  6824 | Temple   | Entered the Ecumenical Temple
  6917 | Temple   | Became a worshipper of Kikubaaqudgha
  6931 | D:7      | Slain by a wyvern

Illustrated notes

Levels and vault maps discovered:
D:1:      saegor_arrival_simple_b, layout_rooms,
          shapermc_ecumenical_altar_mp_vishouse, minmay_liquid_box
D:2:      layout_basic, nrook_mini_vaults, minmay_misc_feat_tower,
          minmay_unequal
D:3:      layout_basic, mainiacjoe_overflow_six_doors_small, ashenzari_altar_1,
          uniq_sigmund
D:4:      cheibrodos_greedy_goblins, layout_loops_ring, glass_columns_a
D:5:      nicolae_cairo_tiling_large_dashed, layout_basic, minmay_misc_feat_five
D:6:      layout_rooms, nzn_hepliaklqana_mist_gate
D:7:      statuecave_lemuel, layout_basic, grunt_qazlal_sundering,
          nicolae_gozag_zags_fifth_avenue, amethyst_overflow_temple_binary,
          minmay_temple_entry_grid
Temple:   nicolae_temple_two_arcs

Skill      XL: |  1  2  3  4  5  6  7  8 |
---------------+-------------------------+-----
Axes           | 3 4 6 7 9 10 | 10.0
Fighting       | |  2.0
Throwing       | |  1.7
Dodging        | |  2.6

Action                   |  1- 3 |  4- 6 |  7- 9 || total
-------------------------+-------+-------+-------++-------
Melee: War axe           |    96 |    99 |    10 ||   205
       Punch             |       |     2 |     2 ||     4
       Mace              |       |     1 |       ||     1
       Whip              |       |    51 |    45 ||    96
       Hand axe          |       |       |    61 ||    61
Evoke: Wand              |       |       |     3 ||     3
  Use: Scroll            |     8 |    10 |     1 ||    19
       Potion            |       |     4 |       ||     4
 Stab: Sleeping          |       |     1 |       ||     1
       Distracted        |       |       |     1 ||     1
Armor: Leather armour    |    48 |    70 |    31 ||   149
       Skin              |       |    18 |       ||    18
Dodge: Dodged            |   107 |   120 |    48 ||   275

Table legend: (Time is in decaauts)
 A = Elapsed time spent in this place.
 B = Non-inter-level travel time spent in this place.
 C = Inter-level travel time spent in this place.
 D = Time resting spent in this place.
 E = Time spent auto-exploring this place.
 F = Levels seen in this place.
 G = Mean time per level.
                   A        B        C        D        E       F      G
               +--------+--------+--------+--------+--------+-----+--------+
         Total |   6968 |   6763 |    205 |   1137 |   4577 |   8 |  871.0 |
       Dungeon |   6865 |   6669 |    196 |   1137 |   4577 |   7 |  980.7 |
        Temple |    102 |     93 |      9 |      0 |      0 |   1 |  102.0 |
               +--------+--------+--------+--------+--------+-----+--------+

Top non-repeatable levels by time:
     D:5: 1169 daAuts
     D:2: 1092 daAuts
     D:4: 1074 daAuts
     D:1: 1057 daAuts
     D:6: 1006 daAuts
     D:3: 948 daAuts
     D:7: 516 daAuts
  Temple: 102 daAuts
